 Dungeon Crawl Stone Soup version 0.30.0-29-ga12c61a403 (webtiles) character file.

Game seed: 1042619349624143222

154905 qw the Severer (level 17, -2/113 HPs)
             Began as a Gargoyle Fighter on June 2, 2023.
             Was an Elder of Okawaru.
             Killed from afar by Mara (illusionary) (9 damage)
             ... with a bolt of fire
             ... on level 3 of the Swamp on June 3, 2023.
             The game lasted 00:29:23 (26817 turns).

qw the Severer (Gargoyle Fighter)                  Turns: 26817, Time: 00:29:23

Health: -2/113     AC: 55    Str: 35    XL:     17   Next: 63%
Magic:  20/24      EV: 11    Int: 11    God:    Okawaru [****..]
Gold:   1605       SH: 18    Dex:  9    Spells: 16/16 levels left

rFire   . . .        h - +2 war axe (vamp)
rCold   + + +        w - +4 kite shield of Lugonu's Favour {rPois Will- Stlth+}
rNeg    + . .        f - +8 plate armour of Lucidity {Str+6 Dex-5}
rPois   inf          v - +2 helmet
rElec   +            m - +2 cloak
rCorr   .            o - +2 pair of gloves of Bitterness {rC+++}
SInv    +            A - +2 pair of boots
Will    .....        k - amulet of faith
Stlth   x              - +6 ring of dexterity
HPRegen 0.38/turn    s - ring of see invisible
MPRegen 0.19/turn

%: faith
@: about to teleport, heroic, finesse-ful, flying
A: sickness immunity, AC +12, big wings, negative energy resistance 1,
electricity resistance, torment resistance 1, petrification resistance, strong 1
a: Renounce Religion, Heroism, Finesse


You were on level 3 of the Swamp.
You worshipped Okawaru.
Okawaru was greatly pleased with you.
You visited 6 branches of the dungeon, and saw 29 of its levels.
You also visited: Ossuary.

You collected 2923 gold pieces.
You spent 1318 gold pieces at shops.


Innate Abilities, Weirdness & Mutations

You are immune to sickness and miasma.
Your stone body is resilient. (AC +12)
You are immune to poison.
Your large and strong wings let you fly.
You resist negative energy. (rN+)
You are resistant to electric shocks. (rElec)
You are resistant to unholy torment.
You are immune to petrification.
Your muscles are strong. (Str +4, Int/Dex -1)


   Skills:
 - Level 15.0(20.0) Fighting
 - Level 16.1(21.1) Axes
 + Level 8.0(13.0) Throwing
 - Level 15.0(20.0) Armour
 - Level 4.0(9.0) Dodging
 - Level 14.7(19.7) Shields
 - Level 10.0 Invocations


You had 16 spell levels left.
You didn't know any spells.
Your spell library was empty.

Inventory:

Hand Weapons
 h - a +2 vampiric war axe (weapon)
 q - a +1 broad axe of flaming
Missiles
 g - 42 boomerangs
 y - a silver javelin (quivered)
 z - 2 javelins
Armour
 f - the +8 plate armour of Lucidity (worn) {Str+6 Dex-5}
   (You found it on level 9 of the Dungeon)

   Str:       It affects your strength (+6).
   Dex:       It affects your dexterity (-5).
 m - a +2 cloak (worn)
 o - the +2 pair of gloves of Bitterness (worn) {rC+++}
   (Okawaru gifted it to you on level 4 of the Lair of Beasts)

   rC:        It renders you almost immune to cold.
 v - a +2 helmet (worn)
 w - the +4 kite shield of Lugonu's Favour (worn) {rPois Will- Stlth+}
   (You took it off a human on level 14 of the Dungeon)

   rPois:     It protects you from poison.
   Will:      It decreases your willpower.
   Stlth:     It makes you more stealthy.
 A - a +2 pair of boots (worn)
Jewellery
 k - an amulet of faith (around neck)
 s - a ring of see invisible (right hand)
 t - the amulet "Faps" {Regen+ rCorr}
   (You bought it in a shop on level 2 of the Orcish Mines)

   [amulet of regeneration]

   Regen:     It increases your rate of health regeneration.
   rCorr:     It protects you from acid and corrosion.
 u - a ring of willpower
 x - a +6 ring of dexterity (left hand)
 B - a ring of resist corrosion
 D - a ring of protection from fire
 E - a ring of ice
 F - a ring of protection from cold
 G - a ring of see invisible
Scrolls
 b - 13 scrolls of identify
 c - 2 scrolls of teleportation
 C - a scroll of brand weapon
Potions
 a - 3 potions of heal wounds
 d - 5 potions of might
 e - 15 potions of curing
 i - 3 potions of haste
 j - 5 potions of mutation
 l - 11 potions of lignification
 n - 2 potions of resistance
 p - 2 potions of cancellation
 r - a potion of attraction

Dungeon Overview and Level Annotations

Branches:
Dungeon (15/15)            Temple (1/1) D:4            Lair (5/5) D:11
  Swamp (3/4) Lair:2       Spider (3/4) Lair:2        Slime (0/5) Lair:4
    Orc (2/2) D:9             Elf (0/3) Orc:2        Vaults (0/5) D:14
 Depths (0/4) D:15        Ossuary (visited)

Altars:
Ashenzari
Cheibriados
Dithmenos
Elyvilon
Fedhas
Gozag
Hepliaklqana
Kikubaaqudgha
Makhleb
Nemelex Xobeh
Okawaru
Qazlal
Ru
Sif Muna
Trog
Uskayaw
Vehumet
Wu Jian
Xom
Yredelemnul
Zin
The Shining One

Shops:
D:4 !   D:11 (:[:(   D:14 :   Orc:2 *:[(

Portals:
Abyss: D:11
Ice
Cave: Swamp:1

Annotations:
D:1 1 runed translucent door
D:3 2 transporters, qw's ghost, amateur GrFi
D:11 2 transporters, dangerrune1's ghost, journeyman GrEE
D:12 1 runed translucent door, Roubeug's ghost, journeyman FeBe
Swamp:1 2 transporters, Jacimip's ghost, journeyman HaHu
Swamp:3 Mara


Message History

Mara is heavily wounded.
You closely miss Mara.
You are engulfed in a cloud of scalding steam.
You slice Mara!!
Mara is severely wounded.
You barely miss Mara.
You are engulfed in a cloud of scalding steam.
Mara hits you but does no damage. Mara gestures at you.
The bolt of fire hits you!!!
The mangrove smoulders and burns.
26813 ||| READING 3 scrolls of teleportation.
As you read the scroll of teleportation, it crumbles to dust.
You feel strangely unstable.
You are engulfed in a cloud of scalding steam.
Mara says, "Difficult is the way of exertion, difficult to pass, difficult to enter upon."
Mara completely misses you. Mara gestures at you. The bolt of fire hits you.
The mangrove smoulders and burns.
26814 ||| DRINKING 4 potions of heal wounds.
You feel much better.
You are engulfed in a cloud of scalding steam.
Mara hits you but does no damage. x2
You hit Mara but do no damage.
Mara is severely wounded.
You hit qw's illusion but do no damage. You hit Mara.
You are engulfed in a cloud of scalding steam.
You block qw's illusion's attack.
You slash Mara!
Mara is almost dead.
You closely miss qw's illusion. You hit Mara but do no damage.
You are engulfed in a cloud of scalding steam.
You barely miss Mara.
Mara is almost dead.
You barely miss qw's illusion. You hit Mara.
You are engulfed in a cloud of scalding steam.
Mara gestures at you. The bolt of fire hits you!!
The mangrove smoulders and burns.
Mara gestures at you. The bolt of fire hits you!
You die...

.7 7~~7.~..~~
.77.77 77.7¤~~~~.7
7.^7 .7~
7..7~~~~~~ .¤.
7.7777~.~~~~~~ 7.7
7..7...~.~7~.~
7¤77¤7.7..~7777.|.
70..7.7.7777 7.~~~
7¤¤..77.7 7~~~~
7@.7777.. 77~.~
7....RR@.7 7.77
7..¤
....~.~R.~..7~.


7777 ..~~....77.7~~> 7. .~.7..~¤~ ~...~7 77 .7 7¤...7 ....7. ~...~~ 7>.. 77..7.7
777 You could see 3 Maras and qw's illusion.

Vanquished Creatures
  Arachne (Spider:3)
  Jorgrun (Swamp:2)
  A thorn hunter (Swamp:3)
  Roxanne (D:14)
  An emperor scorpion (Spider:1)
  An orc warlord (Orc:1)
  A stone giant (D:15)
  A broodmother (Spider:1)
  Azrael (D:14)
  2 bunyips (Swamp:2)
  A spark wasp (Spider:3)
  Josephine (Lair:5)
  4 vault guards (D:14)
  12 hydras
  A jorogumo (Spider:3)
  3 two-headed ogres
  5 death yaks (Lair:3)
  4 alligators
  4 boulder beetles
  2 centaur warriors
  7 tengu warriors
  3 orc high priests
  A spriggan (Swamp:1)
  5 skeletal warriors (D:13)
  2 goliath frogs (Swamp:2)
  A sun moth (Spider:3)
  3 skysharks
  5 pharaoh ants
  2 swamp dragons (Swamp:2)
  6 orb spiders
  4 steelbarb worms
  3 bog bodies
  5 orc sorcerers
  2 orc knights (Orc:2)
  14 ugly things
  6 deep elf pyromancers
  A necromancer (D:14)
  An oklob plant (Lair:5)
  7 deep elf zephyrmancers (Orc:2)
  12 wolf spiders
  3 will-o-the-wisps
  A manticore (D:15)
  3 moths of wrath
  14 elephants
  2 cyclopes
  9 demonic crawlers
  7 black mambas
  A cane toad (shapeshifter) (D:15)
  Maggie (D:6)
  4 torpor snails
  25 cane toads
  An unseen horror (D:12)
  5 rime drakes (Lair:3)
  A tengu conjurer (D:14)
  10 komodo dragons
  3 trolls
  4 bloated husks
  12 meliai
  3 polar bears
  5 tyrant leeches
  15 tarantellas
  2 hornets
  A tarantella (shapeshifter) (D:15)
  13 blink frogs
  A raiju (shapeshifter) (D:14)
  4 dream sheep (Lair:4)
  6 slime creatures (D:13)
  15 culicivoras
  35 jumping spiders
  42 yaks
  A vampire (D:13)
  10 basilisks
  8 wraiths
  5 fire elementals
  6 wyverns
  19 redbacks
  7 humans (D:14)
  23 vampire mosquitoes
  A warg (Orc:2)
  9 swamp worms
  3 acid dragons
  2 hell hounds
  12 water moccasins
  32 orc warriors
  3 ice beasts
  A swamp drake (Swamp:2)
  2 sky beasts
  2 black bears
  8 ogres
  9 wolves
  5 centaurs
  2 elf zombies (Ossuary)
  20 bullfrogs
  A gnoll sergeant (D:6)
  4 scorpions
  5 wights (D:8)
  6 killer bees
  4 howler monkeys
  7 electric eels
  A crimson imp (Spider:3)
  2 centaur zombies (Ossuary)
  A human zombie (Ossuary)
  3 jellies
  10 orc priests
  5 hounds
  2 gnoll boudas
  An iron imp (D:11)
  2 iguanas (D:5)
  12 orc wizards
  4 hell rats (Lair:3)
  A statue (D:4)
  2 polar bear simulacra (D:14)
  2 yak simulacra (D:14)
  2 wolf simulacra (D:14)
  3 mummies
  5 adders
  18 gnolls
  A shadow imp (D:7)
  A white imp (D:7)
  2 ufetubi
  4 worms
  2 dart slugs (D:2)
  65 orcs
  8 endoplasms
  4 giant cockroaches
  11 goblins
  6 hobgoblins
  8 jackals
  2 quokkas
  4 ball pythons
  3 bats (D:2)
  6 frilled lizards
  A goblin zombie (Ossuary)
  10 hobgoblin zombies (Ossuary)
  3 jackal zombies (Ossuary)
  6 kobolds
  9 kobold zombies (Ossuary)
  7 orc zombies (Ossuary)
  A rat (D:1)
  2 rat zombies (Ossuary)
  3 river rat simulacra (D:14)
848 creatures vanquished.

Vanquished Creatures (others)
  A deep elf pyromancer (Orc:2)
  4 bloated husks (Swamp:1)
  A human (D:14)
  A culicivora (Spider:2)
  2 orc warriors
  2 yak simulacra (D:14)
  14 foxfires
25 creatures vanquished.

Grand Total: 873 creatures vanquished

Notes
Turn   | Place    | Note
-------+----------+-------------------------------------------
     0 | D:1      | qw the Gargoyle Fighter began the quest for the Orb.
     0 | D:1      | Reached XP level 1. HP: 14/14 MP: 1/1
     0 | D:1      | 0 ||| qw: Version: 0.2-a-102-gdf20003
     0 | D:1      | 0 ||| qw: Game counter: 948
     0 | D:1      | 0 ||| qw: Always use a shield: true
     0 | D:1      | 0 ||| qw: God list: Okawaru
     0 | D:1      | 0 ||| qw: Allow faded altars: false
     0 | D:1      | 0 ||| qw: Do Orc after D:15 true
     0 | D:1      | 0 ||| qw: Do second Lair branch before Depths: true
     0 | D:1      | 0 ||| qw: Lair rune preference: random
     0 | D:1      | 0 ||| qw: Plans: Normal, Zot:1-4, Slime:5, God:TSO, Crypt,
                  | Tomb, Pan, Hells, Abyss, Win
     0 | D:1      | 0 ||| PLANNING D:1-11
     1 | D:1      | Found a runed translucent door.
    43 | D:1      | Reached skill level 2 in Axes
    66 | D:1      | 66 ||| Stepping ~*~*~tactically~*~*~ (hiding).
    67 | D:1      | 67 ||| Stepping ~*~*~tactically~*~*~ (hiding).
    68 | D:1      | 68 ||| Stepping ~*~*~tactically~*~*~ (hiding).
   385 | D:1      | 385 ||| READING 2 scrolls labelled GIDEJU ZISH.
   386 | D:1      | 386 ||| DROPPING scroll of blinking.
   399 | D:1      | Reached XP level 2. HP: 19/19 MP: 2/2
   702 | D:1      | 702 ||| Stepping ~*~*~tactically~*~*~ (stealth).
   891 | D:2      | 891 ||| Stepping ~*~*~tactically~*~*~ (hiding).
   940 | D:2      | Reached skill level 3 in Axes
  1007 | D:2      | Reached XP level 3. HP: 19/23 MP: 3/3
  1212 | D:2      | 1212 ||| Stepping ~*~*~tactically~*~*~ (stealth).
  1410 | D:2      | 1410 ||| DROPPING +0 whip.
  1451 | D:2      | 1451 ||| Stepping ~*~*~tactically~*~*~ (stealth).
  1454 | D:2      | 1454 ||| Stepping ~*~*~tactically~*~*~ (stealth).
  1507 | D:2      | Reached XP level 4. HP: 28/28 MP: 4/4
  1740 | D:2      | 1740 ||| UPGRADING to +2 cloak.
  1745 | D:2      | 1745 ||| UPGRADING to ring of willpower.
  1746 | D:2      | 1746 ||| READING scroll labelled SULITZ SAYMP.
  1747 | D:2      | 1747 ||| READING scroll labelled NOTTUE QIAT.
  1748 | D:2      | 1748 ||| READING scroll labelled MIVEWUI NIYSK.
  1749 | D:2      | 1749 ||| DRINKING 2 grey potions.
  1750 | D:2      | 1750 ||| DRINKING 2 fuming coppery potions.
  1843 | D:3      | 1843 ||| STAIRDANCE
  1855 | D:2      | Reached skill level 4 in Axes
  1890 | D:2      | 1890 ||| DROPPING +0 mace of holy wrath.
  1895 | D:3      | 1895 ||| STAIRDANCE
  2183 | D:3      | 2183 ||| Stepping ~*~*~tactically~*~*~ (hiding).
  2185 | D:3      | 2185 ||| Stepping ~*~*~tactically~*~*~ (hiding).
  2194 | D:3      | Reached XP level 5. HP: 32/32 MP: 5/5
  2204 | D:3      | 2204 ||| FLEEEEING.
  2205 | D:3      | 2205 ||| FLEEEEING.
  2206 | D:3      | 2206 ||| FLEEEEING.
  2207 | D:3      | 2207 ||| FLEEEEING.
  2208 | D:3      | 2208 ||| FLEEEEING.
  2209 | D:3      | 2209 ||| FLEEEEING.
  2210 | D:3      | 2210 ||| FLEEEEING.
  2211 | D:3      | 2211 ||| FLEEEEING.
  2212 | D:3      | 2212 ||| FLEEEEING.
  2213 | D:3      | 2213 ||| FLEEEEING.
  2436 | D:3      | 2436 ||| Stepping ~*~*~tactically~*~*~ (hiding).
  2451 | D:3      | HP: 2/32 [orc priest/divine providence (15)]
  2454 | D:3      | Reached skill level 5 in Axes
  2462 | D:3      | HP: 3/32 [orc/+0 hand axe (3)]
  2612 | D:3      | Found a transporter.
  2614 | D:3      | Noticed qw's ghost (amateur GrFi)
  2615 | D:3      | Found a transporter.
  2615 | D:3      | Identified the +11 dire flail of the Hall of Blades
                  | {freeze, rN++ Str+4}
  2615 | D:3      | Noticed an ogre
  2681 | D:3      | 2681 ||| UPGRADING to +0 chain mail.
  2691 | D:3      | 2691 ||| DROPPING +0 scale mail.
  2692 | D:3      | 2692 ||| READING scroll labelled BEWELEAWOL.
  2697 | D:3      | 2697 ||| DRINKING 2 lumpy sapphire potions.
  2697 | D:3      | Gained mutation: Your muscles are strong. (Str +4, Int/Dex
                  | -1) [potion of mutation]
  2788 | D:4      | Found a radiant altar of Vehumet.
  2788 | D:4      | Noticed a charred statue
  2798 | D:4      | Killed a charred statue
  2920 | D:4      | Found a staircase to the Ecumenical Temple.
  2921 | D:4      | 2921 ||| PLANNING TEMPLE
  2926 | Temple   | Entered the Ecumenical Temple
  2996 | Temple   | 2996 ||| PLANNING OKAWARU WORSHIP
  3021 | Temple   | Became a worshipper of Warmaster Okawaru
  3021 | Temple   | 3021 ||| PLANNING D:1-11
  3169 | D:4      | 3169 ||| Stepping ~*~*~tactically~*~*~ (stealth).
  3229 | D:4      | Reached XP level 6. HP: 39/39 MP: 6/6
  3289 | D:4      | Found an ancient bone altar of Kikubaaqudgha.
  3298 | D:4      | 3298 ||| Stepping ~*~*~tactically~*~*~ (stealth).
  3315 | D:4      | 3315 ||| Stepping ~*~*~tactically~*~*~ (stealth).
  3317 | D:4      | 3317 ||| Stepping ~*~*~tactically~*~*~ (stealth).
  3521 | D:4      | 3521 ||| Stepping ~*~*~tactically~*~*~ (stealth).
  3549 | D:4      | Found Bys Xat's Distillery.
  3559 | D:4      | 3559 ||| BUYING 2 potions of haste (220 gold).
  3559 | D:4      | Bought 2 potions of haste for 220 gold pieces
  3559 | D:4      | 3559 ||| SHOPLISTING potion of cancellation (88 gold, have
                  | 73).
  3559 | D:4      | 3559 ||| BUYING potion of curing (33 gold).
  3559 | D:4      | Bought a potion of curing for 33 gold pieces
  3559 | D:4      | 3559 ||| SHOPLISTING potion of haste (110 gold, have 40).
  3559 | D:4      | 3559 ||| SHOPLISTING potion of heal wounds (55 gold, have
                  | 40).
  3559 | D:4      | 3559 ||| BUYING potion of lignification (33 gold).
  3559 | D:4      | Bought a potion of lignification for 33 gold pieces
  3559 | D:4      | 3559 ||| SHOPLISTING potion of lignification (33 gold, have
                  | 7).
  3771 | D:5      | Entered Level 5 of the Dungeon
  3772 | D:5      | 3772 ||| PLANNING OSSUARY
  3895 | D:5      | Reached skill level 6 in Axes
  3895 | D:5      | Reached XP level 7. HP: 44/44 MP: 7/7
  3914 | D:5      | Reached * piety under Okawaru
  3915 | D:5      | Reached skill level 1 in Dodging
  3947 | D:5      | 3947 ||| Stepping ~*~*~tactically~*~*~ (stealth).
  3972 | D:5      | Reached skill level 1 in Invocations
  3977 | D:5      | 3977 ||| Stepping ~*~*~tactically~*~*~ (stealth).
  4034 | D:5      | 4034 ||| INVOKING Heroism.
  4112 | D:5      | 4112 ||| INVOKING Heroism.
  4119 | D:5      | 4119 ||| Stepping ~*~*~tactically~*~*~ (hiding).
  4120 | D:5      | 4120 ||| Stepping ~*~*~tactically~*~*~ (hiding).
  4121 | D:5      | 4121 ||| Stepping ~*~*~tactically~*~*~ (hiding).
  4123 | D:5      | 4123 ||| Stepping ~*~*~tactically~*~*~ (hiding).
  4135 | D:5      | Reached skill level 3 in Invocations
  4135 | D:5      | Reached XP level 8. HP: 40/48 MP: 8/10
  4305 | D:5      | Found a sparkling altar of Nemelex Xobeh.
  4305 | D:5      | Found a glowing golden altar of the Shining One.
  4321 | D:5      | 4321 ||| INVOKING Heroism.
  4330 | D:5      | Reached skill level 7 in Axes
  4404 | D:5      | Found a sand-covered staircase.
  4424 | D:5      | 4424 ||| READING scroll labelled DOCREU JUYSIA.
  4430 | Ossuary  | Entered an ossuary
  4691 | Ossuary  | Reached ** piety under Okawaru
  4779 | Ossuary  | 4779 ||| READING scroll labelled QIABBU ONUCE.
  4780 | Ossuary  | 4780 ||| READING 2 scrolls labelled WAAJOF MIHOR.
  4781 | Ossuary  | 4781 ||| DROPPING scroll of amnesia.
  4796 | D:5      | 4796 ||| PLANNING D:1-11
  4830 | D:6      | 4830 ||| INVOKING Heroism.
  4843 | D:6      | 4843 ||| STAIRDANCE
  4843 | D:6      | HP: 11/49 [gnoll sergeant/+0 spear of freezing (2)]
  4845 | D:5      | 4845 ||| READING 2 scrolls of teleportation.
  4850 | D:5      | Reached skill level 8 in Axes
  5005 | D:6      | 5005 ||| STAIRDANCE
  5049 | D:6      | 5049 ||| INVOKING Heroism.
  5055 | D:6      | HP: 12/49 [gnoll sergeant/+0 spear of freezing (3)]
  5056 | D:6      | 5056 ||| READING scroll of teleportation.
  5060 | D:6      | 5060 ||| FLEEEEING.
  5061 | D:6      | 5061 ||| STAIRDANCE
  5257 | D:6      | 5257 ||| INVOKING Heroism.
  5263 | D:6      | Reached skill level 6 in Fighting
  5279 | D:6      | 5279 ||| FLEEEEING.
  5384 | D:6      | 5384 ||| Stepping ~*~*~tactically~*~*~ (stealth).
  5394 | D:6      | 5394 ||| INVOKING Heroism.
  5406 | D:6      | Reached XP level 9. HP: 31/55 MP: 10/12
  5566 | D:6      | 5566 ||| DROPPING orb of guile.
  5567 | D:6      | 5567 ||| DROPPING ring of wizardry.
  5568 | D:6      | 5568 ||| READING 2 scrolls of identify.
  5568 | D:6      | 5568 ||| IDENTIFYING metallic coppery potion
  5616 | D:7      | 5616 ||| STAIRDANCE
  5713 | D:7      | Reached skill level 1 in Throwing
  5752 | D:7      | Reached skill level 9 in Axes
  5905 | D:7      | 5905 ||| Stepping ~*~*~tactically~*~*~ (hiding).
  5908 | D:7      | 5908 ||| Stepping ~*~*~tactically~*~*~ (hiding).
  5993 | D:7      | Found an ornate altar of the Wu Jian Council.
  6090 | D:7      | 6090 ||| Stepping ~*~*~tactically~*~*~ (stealth).
  6092 | D:7      | 6092 ||| Stepping ~*~*~tactically~*~*~ (hiding).
  6093 | D:7      | 6093 ||| Stepping ~*~*~tactically~*~*~ (hiding).
  6094 | D:7      | 6094 ||| Stepping ~*~*~tactically~*~*~ (hiding).
  6095 | D:7      | 6095 ||| Stepping ~*~*~tactically~*~*~ (hiding).
  6098 | D:7      | 6098 ||| INVOKING Heroism.
  6146 | D:7      | 6146 ||| DROPPING scarf of repulsion.
  6147 | D:7      | 6147 ||| READING scroll labelled QUNERE ETU GUDO.
  6148 | D:7      | 6148 ||| DRINKING 2 black potions.
  6149 | D:7      | 6149 ||| DROPPING potion of brilliance.
  6177 | D:6      | 6177 ||| Stepping ~*~*~tactically~*~*~ (hiding).
  6183 | D:6      | Noticed Maggie
  6197 | D:6      | 6197 ||| INVOKING Heroism.
  6204 | D:6      | Killed Maggie
  6307 | D:6      | 6307 ||| SWAPPING to +0 broad axe of flaming.
  6308 | D:6      | 6308 ||| DROPPING +0 flail.
  6309 | D:6      | 6309 ||| DROPPING +1 war axe.
  6690 | D:8      | 6690 ||| INVOKING Heroism.
  6727 | D:8      | Reached skill level 10 in Axes
  6763 | D:8      | Reached XP level 10. HP: 58/63 MP: 13/13
  6798 | D:8      | 6798 ||| INVOKING Heroism.
  7014 | D:8      | 7014 ||| READING scroll labelled XEISKE TACARED.
  7015 | D:8      | 7015 ||| READING scroll labelled TOBUTSEYRID.
  7126 | D:9      | Reached *** piety under Okawaru
  7184 | D:9      | 7184 ||| INVOKING Heroism.
  7229 | D:9      | 7229 ||| Stepping ~*~*~tactically~*~*~ (hiding).
  7308 | D:9      | 7308 ||| Stepping ~*~*~tactically~*~*~ (stealth).
  7365 | D:9      | Identified the +8 plate armour of Lucidity {Str+6 Dex-5}
  7502 | D:9      | Found a staircase to the Orcish Mines.
  7674 | D:9      | Noticed a two-headed ogre
  7675 | D:9      | 7675 ||| INVOKING Heroism.
  7682 | D:9      | Killed a two-headed ogre
  7683 | D:9      | Reached skill level 11 in Axes
  7767 | D:9      | 7767 ||| UPGRADING to +8 plate armour of Lucidity {Str+6
                  | Dex-5}.
  7777 | D:9      | 7777 ||| DROPPING +0 chain mail.
  7778 | D:9      | 7778 ||| UPGRADING to ring of resist corrosion.
  7779 | D:9      | 7779 ||| READING 2 scrolls of identify.
  7779 | D:9      | 7779 ||| IDENTIFYING murky golden potion
  7780 | D:9      | 7780 ||| DRINKING potion of experience.
  7780 | D:9      | Reached XP level 11. HP: 68/68 MP: 14/14
  7793 | D:10     | Entered Level 10 of the Dungeon
  7875 | D:10     | 7875 ||| READING scroll of enchant weapon.
  7875 | D:10     | 7875 ||| ENCHANTING +0 broad axe of flaming.
  8020 | D:10     | Found a shimmering blue altar of Sif Muna.
  8045 | D:10     | 8045 ||| Stepping ~*~*~tactically~*~*~ (hiding).
  8068 | D:10     | 8068 ||| INVOKING Heroism.
  8119 | D:10     | 8119 ||| INVOKING Heroism.
  8143 | D:10     | 8143 ||| INVOKING Heroism.
  8618 | D:10     | 8618 ||| INVOKING Heroism.
  8632 | D:10     | Reached skill level 9 in Fighting
  8681 | D:10     | 8681 ||| UPGRADING to amulet of faith.
  8686 | D:10     | 8686 ||| DROPPING amulet of magic regeneration.
  8725 | D:11     | Found Gise's Antique Armour Boutique.
  8727 | D:11     | Found a transporter.
  8733 | D:11     | 8733 ||| BUYING pair of gloves (94 gold).
  8733 | D:11     | Bought a pair of gloves for 94 gold pieces
  8733 | D:11     | 8733 ||| BUYING pair of runed boots (157 gold).
  8733 | D:11     | Bought a pair of runed boots for 157 gold pieces
  8733 | D:11     | 8733 ||| SHOPLISTING scorched crystal plate armour (1785
                  | gold, have 260).
  8759 | D:11     | Found a transporter.
  8779 | D:11     | Noticed a boulder beetle
  8780 | D:11     | 8780 ||| INVOKING Heroism.
  8794 | D:11     | Found Sadudgh's Book Boutique.
  8801 | D:11     | Noticed a skeletal warrior
  8805 | D:11     | 8805 ||| INVOKING Heroism.
  8818 | D:11     | Killed a boulder beetle
  8889 | D:11     | Found Vaz Lerr's Antique Weapon Boutique.
  8912 | D:11     | Found a staircase to the Lair.
  8969 | D:11     | Found Nyat's Weapon Emporium.
  9008 | D:11     | Noticed a cyclops
  9009 | D:11     | 9009 ||| Stepping ~*~*~tactically~*~*~ (stealth).
  9046 | D:11     | Noticed a soul eater
  9052 | D:11     | Found a one-way gate to the infinite horrors of the Abyss.
  9052 | D:11     | Noticed dangerrune1's ghost (journeyman GrEE)
  9052 | D:11     | Noticed a green ugly thing
  9080 | D:11     | 9080 ||| INVOKING Heroism.
  9103 | D:11     | Reached **** piety under Okawaru
  9104 | D:11     | Reached XP level 12. HP: 70/76 MP: 15/15
  9203 | D:11     | Found Citank's Book Boutique.
  9327 | D:11     | 9327 ||| INVOKING Heroism.
  9344 | D:11     | Found a snail-covered altar of Cheibriados.
  9402 | D:11     | 9402 ||| UPGRADING to +0 pair of gloves.
  9407 | D:11     | 9407 ||| UPGRADING to +0 pair of boots of rampaging.
  9414 | D:11     | 9414 ||| PLANNING LAIR
  9414 | D:11     | 9414 ||| READING scroll labelled RAOLOW DILELAA.
  9557 | D:11     | 9557 ||| READING 3 scrolls of identify.
  9557 | D:11     | 9557 ||| IDENTIFYING yellow potion
  9558 | D:11     | 9558 ||| READING 2 scrolls of identify.
  9558 | D:11     | 9558 ||| IDENTIFYING blue potion
  9559 | D:11     | 9559 ||| DROPPING potion of flight.
  9561 | Lair:1   | Entered Level 1 of the Lair of Beasts
  9671 | Lair:1   | Reached skill level 12 in Axes
  9757 | Lair:1   | 9757 ||| INVOKING Heroism.
  9764 | Lair:1   | Reached skill level 6 in Shields
 10305 | Lair:1   | 10305 ||| Stepping ~*~*~tactically~*~*~ (stealth).
 10541 | Lair:1   | 10541 ||| READING scroll labelled XAMPUO YTIPN.
 10542 | Lair:1   | 10542 ||| READING 2 scrolls of identify.
 10542 | Lair:1   | 10542 ||| IDENTIFYING cyan potion
 10593 | Lair:2   | 10593 ||| Stepping ~*~*~tactically~*~*~ (stealth).
 10721 | Lair:2   | 10721 ||| Stepping ~*~*~tactically~*~*~ (hiding).
 10726 | Lair:2   | Noticed an eight-headed hydra
 10727 | Lair:2   | 10727 ||| INVOKING Heroism.
 10736 | Lair:2   | Reached skill level 6 in Invocations
 10737 | Lair:2   | Killed a four-headed hydra
 10737 | Lair:2   | Reached ***** piety under Okawaru
 10879 | Lair:2   | Found a hole to the Spider Nest.
 10896 | Lair:2   | Found a staircase to the Swamp.
 10899 | Lair:2   | 10899 ||| Stepping ~*~*~tactically~*~*~ (stealth).
 10918 | Lair:2   | 10918 ||| INVOKING Heroism.
 11383 | Lair:2   | 11383 ||| INVOKING Heroism.
 11471 | Lair:2   | 11471 ||| INVOKING Heroism.
 11791 | Lair:2   | 11791 ||| UPGRADING to +0 helmet.
 11796 | Lair:2   | 11796 ||| READING scroll labelled TOENI OFUFEDE.
 11838 | Lair:3   | Noticed a skyshark
 11846 | Lair:3   | 11846 ||| INVOKING Heroism.
 11849 | Lair:3   | Killed a skyshark
 11852 | Lair:3   | 11852 ||| Stepping ~*~*~tactically~*~*~ (stealth).
 11854 | Lair:3   | 11854 ||| Stepping ~*~*~tactically~*~*~ (stealth).
 11879 | Lair:3   | 11879 ||| FLEEEEING.
 11880 | Lair:3   | 11880 ||| STAIRDANCE
 11946 | Lair:3   | 11946 ||| Stepping ~*~*~tactically~*~*~ (stealth).
 12018 | Lair:3   | Noticed an eight-headed hydra
 12019 | Lair:3   | 12019 ||| Stepping ~*~*~tactically~*~*~ (hiding).
 12025 | Lair:3   | 12025 ||| INVOKING Heroism.
 12032 | Lair:3   | Killed a four-headed hydra
 12039 | Lair:3   | Reached XP level 13. HP: 53/82 MP: 17/19
 12046 | Lair:3   | Received a gift from Okawaru
 12047 | Lair:3   | Reached skill level 9 in Invocations
 12052 | Lair:3   | Reached skill level 13 in Axes
 12231 | Lair:3   | Received a gift from Okawaru
 12271 | Lair:3   | Reached skill level 3 in Throwing
 12472 | Lair:3   | 12472 ||| INVOKING Heroism.
 12473 | Lair:3   | 12473 ||| INVOKING Finesse.
 13003 | Lair:3   | 13003 ||| INVOKING Heroism.
 13057 | Lair:3   | 13057 ||| DROPPING orb of wrath.
 13058 | Lair:3   | 13058 ||| DRINKING 3 bubbling blue potions.
 13059 | Lair:3   | 13059 ||| DROPPING 2 potions of degeneration.
 13077 | Lair:4   | 13077 ||| INVOKING Heroism.
 13082 | Lair:4   | Reached skill level 14 in Axes
 13086 | Lair:4   | Identified the +6 plate armour of the Arcane {Int+5 Slay-5}
                  | (Okawaru gifted it to you on level 4 of the Lair of Beasts)
 13086 | Lair:4   | Received a gift from Okawaru
 13103 | Lair:4   | 13103 ||| Stepping ~*~*~tactically~*~*~ (stealth).
 13171 | Lair:4   | 13171 ||| INVOKING Heroism.
 13187 | Lair:4   | 13187 ||| Stepping ~*~*~tactically~*~*~ (stealth).
 13188 | Lair:4   | 13188 ||| Stepping ~*~*~tactically~*~*~ (stealth).
 13189 | Lair:4   | 13189 ||| Stepping ~*~*~tactically~*~*~ (stealth).
 13191 | Lair:4   | 13191 ||| Stepping ~*~*~tactically~*~*~ (stealth).
 13192 | Lair:4   | 13192 ||| INVOKING Heroism.
 13207 | Lair:4   | 13207 ||| Stepping ~*~*~tactically~*~*~ (stealth).
 13290 | Lair:4   | 13290 ||| INVOKING Heroism.
 13304 | Lair:4   | Found a staircase to the Slime Pits.
 13387 | Lair:4   | 13387 ||| INVOKING Heroism.
 13391 | Lair:4   | 13391 ||| Stepping ~*~*~tactically~*~*~ (stealth).
 13408 | Lair:4   | Gained mutation: Your large and strong wings let you fly.
                  | [Gargoyle growth]
 13408 | Lair:4   | Reached XP level 14. HP: 79/90 MP: 21/21
 13482 | Lair:4   | 13482 ||| FLEEEEING.
 13483 | Lair:4   | 13483 ||| FLEEEEING.
 13484 | Lair:4   | 13484 ||| FLEEEEING.
 13485 | Lair:4   | 13485 ||| FLEEEEING.
 13486 | Lair:4   | 13486 ||| FLEEEEING.
 13487 | Lair:4   | 13487 ||| FLEEEEING.
 13488 | Lair:4   | 13488 ||| FLEEEEING.
 13489 | Lair:4   | 13489 ||| FLEEEEING.
 13490 | Lair:4   | 13490 ||| FLEEEEING.
 13491 | Lair:4   | 13491 ||| FLEEEEING.
 13492 | Lair:4   | 13492 ||| FLEEEEING.
 13509 | Lair:4   | Identified the +2 pair of gloves of Bitterness {rC+++}
                  | (Okawaru gifted it to you on level 4 of the Lair of Beasts)
 13509 | Lair:4   | Received a gift from Okawaru
 13519 | Lair:4   | 13519 ||| INVOKING Heroism.
 13526 | Lair:4   | Reached skill level 15 in Axes
 13693 | Lair:4   | 13693 ||| Stepping ~*~*~tactically~*~*~ (stealth).
 13696 | Lair:4   | 13696 ||| Stepping ~*~*~tactically~*~*~ (stealth).
 13911 | Lair:4   | 13911 ||| UPGRADING to +2 pair of gloves of Bitterness
                  | {rC+++}.
 13921 | Lair:4   | 13921 ||| DROPPING +0 pair of gloves.
 13922 | Lair:4   | 13922 ||| UPGRADING to +6 ring of dexterity.
 13924 | Lair:4   | 13924 ||| UPGRADING to ring of willpower.
 13950 | Lair:5   | Entered Level 5 of the Lair of Beasts
 13979 | Lair:5   | 13979 ||| INVOKING Heroism.
 14015 | Lair:5   | Reached skill level 3 in Dodging
 14030 | Lair:5   | 14030 ||| FLEEEEING.
 14032 | Lair:5   | 14032 ||| FLEEEEING.
 14033 | Lair:5   | 14033 ||| FLEEEEING.
 14034 | Lair:5   | 14034 ||| FLEEEEING.
 14035 | Lair:5   | 14035 ||| FLEEEEING.
 14036 | Lair:5   | 14036 ||| STAIRDANCE
 14182 | Lair:5   | 14182 ||| STAIRDANCE
 14237 | Lair:5   | Noticed Josephine
 14246 | Lair:5   | Killed Josephine
 14253 | Lair:5   | Reached skill level 12 in Fighting
 14382 | Lair:5   | Identified the +0 robe of Rafooxo {+Inv rCorr}
 14455 | Lair:5   | 14455 ||| Stepping ~*~*~tactically~*~*~ (stealth).
 14464 | Lair:5   | 14464 ||| Stepping ~*~*~tactically~*~*~ (stealth).
 14850 | Lair:5   | 14850 ||| Stepping ~*~*~tactically~*~*~ (stealth).
 14851 | Lair:5   | 14851 ||| Stepping ~*~*~tactically~*~*~ (stealth).
 14852 | Lair:5   | 14852 ||| Stepping ~*~*~tactically~*~*~ (stealth).
 14861 | Lair:5   | Received a gift from Okawaru
 15028 | Lair:5   | 15028 ||| INVOKING Heroism.
 15029 | Lair:5   | 15029 ||| INVOKING Finesse.
 15040 | Lair:5   | Identified the +0 pearl dragon scales of the Valley {rElec
                  | rN+ Dex+2}
 15220 | Lair:5   | 15220 ||| PLANNING D
 15220 | Lair:5   | 15220 ||| DROPPING +0 pearl dragon scales of the Valley
                  | {rElec rN+ Dex+2}.
 15221 | Lair:5   | 15221 ||| READING 11 scrolls of identify.
 15221 | Lair:5   | 15221 ||| IDENTIFYING fuming cyan potion
 15255 | Lair:5   | 15255 ||| INVOKING Heroism.
 15397 | D:12     | Received a gift from Okawaru
 15455 | D:12     | Noticed Roubeug's ghost (journeyman FeBe)
 15540 | D:12     | Found a runed translucent door.
 15756 | D:12     | 15756 ||| DROPPING +6 ring of intelligence.
 15757 | D:12     | 15757 ||| READING 2 scrolls labelled HOQISUS APHAU.
 15758 | D:12     | 15758 ||| READING 10 scrolls of identify.
 15758 | D:12     | 15758 ||| IDENTIFYING green potion
 15759 | D:12     | 15759 ||| DROPPING scroll of immolation.
 15760 | D:12     | 15760 ||| DROPPING potion of ambrosia.
 15779 | D:13     | 15779 ||| INVOKING Heroism.
 15804 | D:13     | Reached skill level 6 in Throwing
 15807 | D:13     | HP: 22/92 [skeletal warrior/+0 short sword (4)]
 15808 | D:13     | 15808 ||| READING scroll of teleportation.
 15808 | D:13     | HP: 6/92 [skeletal warrior/+0 halberd (5)]
 15808 | D:13     | HP: 1/92 [skeletal warrior/+0 short sword (5)]
 15809 | D:13     | 15809 ||| DRINKING 3 potions of heal wounds.
 15810 | D:13     | 15810 ||| DRINKING 2 potions of heal wounds.
 15813 | D:13     | 15813 ||| INVOKING Finesse.
 15822 | D:13     | Reached XP level 15. HP: 28/96 MP: 16/22
 16023 | D:13     | Reached skill level 16 in Axes
 16080 | D:13     | 16080 ||| INVOKING Heroism.
 16282 | D:13     | 16282 ||| Stepping ~*~*~tactically~*~*~ (stealth).
 16283 | D:13     | 16283 ||| INVOKING Heroism.
 16338 | D:13     | 16338 ||| SWAPPING to +2 vampiric war axe.
 16341 | D:13     | 16341 ||| INVOKING Heroism.
 16343 | D:13     | 16343 ||| SWAPPING to +1 broad axe of flaming.
 16346 | D:13     | 16346 ||| SWAPPING to +2 vampiric war axe.
 16375 | D:13     | 16375 ||| INVOKING Heroism.
 16392 | D:13     | Reached skill level 12 in Armour
 16449 | D:13     | 16449 ||| INVOKING Heroism.
 16505 | D:13     | 16505 ||| Stepping ~*~*~tactically~*~*~ (stealth).
 16510 | D:13     | 16510 ||| INVOKING Heroism.
 16512 | D:13     | 16512 ||| SWAPPING to +1 broad axe of flaming.
 16517 | D:13     | 16517 ||| SWAPPING to +2 vampiric war axe.
 17076 | D:13     | 17076 ||| UPGRADING to ring of see invisible.
 17078 | D:13     | 17078 ||| DRINKING 2 sapphire potions.
 17079 | D:13     | 17079 ||| DROPPING potion of invisibility.
 17234 | D:14     | 17234 ||| INVOKING Heroism.
 17252 | D:14     | Identified the +4 kite shield of Lugonu's Favour {rPois
                  | Will- Stlth+}
 17275 | D:14     | Found a gate to the Vaults.
 17312 | D:14     | 17312 ||| FLEEEEING.
 17313 | D:14     | 17313 ||| FLEEEEING.
 17314 | D:14     | 17314 ||| FLEEEEING.
 17315 | D:14     | 17315 ||| STAIRDANCE
 17417 | D:13     | 17417 ||| UPGRADING to +0 kite shield.
 17427 | D:13     | 17427 ||| DROPPING +0 buckler.
 17428 | D:13     | 17428 ||| UPGRADING to +4 kite shield of Lugonu's Favour
                  | {rPois Will- Stlth+}.
 17438 | D:13     | 17438 ||| DROPPING +0 kite shield.
 17454 | D:14     | 17454 ||| STAIRDANCE
 17468 | D:13     | Received a gift from Okawaru
 17473 | D:14     | 17473 ||| STAIRDANCE
 17517 | D:14     | Noticed Azrael
 17518 | D:14     | 17518 ||| INVOKING Heroism.
 17519 | D:14     | 17519 ||| INVOKING Finesse.
 17528 | D:14     | Killed Azrael
 17528 | D:14     | Identified the +2 hand axe "Zumu" {vamp, +Blink rElec rPois
                  | rN+} (Okawaru gifted it to you on level 14 of the Dungeon)
 17528 | D:14     | Received a gift from Okawaru
 17529 | D:14     | Reached skill level 9 in Shields
 17629 | D:14     | 17629 ||| Stepping ~*~*~tactically~*~*~ (hiding).
 17659 | D:14     | Noticed Roxanne
 17660 | D:14     | 17660 ||| INVOKING Heroism.
 17661 | D:14     | 17661 ||| INVOKING Finesse.
 17688 | D:14     | Killed Roxanne
 17787 | D:14     | 17787 ||| Stepping ~*~*~tactically~*~*~ (stealth).
 17813 | D:14     | Found Xituluqi's Book Shoppe.
 18392 | D:14     | 18392 ||| READING scroll labelled ZEDOTU ZACIAS.
 18496 | D:15     | Entered Level 15 of the Dungeon
 18497 | D:15     | 18497 ||| INVOKING Heroism.
 18498 | D:15     | 18498 ||| INVOKING Finesse.
 18501 | D:15     | 18501 ||| SWAPPING to +1 broad axe of flaming.
 18510 | D:15     | 18510 ||| SWAPPING to +2 vampiric war axe.
 18650 | D:15     | Received a gift from Okawaru
 18672 | D:15     | 18672 ||| READING scroll of enchant armour.
 18672 | D:15     | 18672 ||| ENCHANTING +0 helmet.
 18841 | D:15     | Found a staircase to the Depths.
 18842 | D:15     | 18842 ||| INVOKING Heroism.
 18948 | D:15     | 18948 ||| Stepping ~*~*~tactically~*~*~ (stealth).
 18952 | D:15     | Received a gift from Okawaru
 19033 | D:15     | 19033 ||| DROPPING +1 heavy war axe.
 19149 | D:15     | 19149 ||| Stepping ~*~*~tactically~*~*~ (hiding).
 19325 | D:15     | 19325 ||| INVOKING Heroism.
 19326 | D:15     | 19326 ||| SWAPPING to +1 broad axe of flaming.
 19330 | D:15     | 19330 ||| SWAPPING to +2 vampiric war axe.
 19639 | D:15     | Reached skill level 12 in Shields
 19683 | D:15     | 19683 ||| Stepping ~*~*~tactically~*~*~ (hiding).
 19701 | D:15     | Reached XP level 16. HP: 104/104 MP: 23/23
 19762 | D:15     | 19762 ||| PLANNING ORC
 19762 | D:15     | 19762 ||| UPGRADING to +2 pair of boots.
 19772 | D:15     | 19772 ||| DROPPING +0 pair of boots of rampaging.
 19962 | Orc:1    | Entered Level 1 of the Orcish Mines
 19968 | Orc:1    | 19968 ||| INVOKING Heroism.
 19976 | Orc:1    | Paralysed by an orc sorcerer for 3 turns
 20059 | Orc:1    | 20059 ||| Stepping ~*~*~tactically~*~*~ (stealth).
 20060 | Orc:1    | 20060 ||| Stepping ~*~*~tactically~*~*~ (stealth).
 20061 | Orc:1    | 20061 ||| Stepping ~*~*~tactically~*~*~ (stealth).
 20062 | Orc:1    | 20062 ||| Stepping ~*~*~tactically~*~*~ (stealth).
 20073 | Orc:1    | 20073 ||| DRINKING 15 potions of curing.
 20073 | Orc:1    | 20073 ||| (to cure confusion)
 20118 | Orc:1    | Found a bloodstained altar of Trog.
 20201 | Orc:1    | 20201 ||| Stepping ~*~*~tactically~*~*~ (hiding).
 20231 | Orc:1    | 20231 ||| Stepping ~*~*~tactically~*~*~ (stealth).
 20232 | Orc:1    | 20232 ||| Stepping ~*~*~tactically~*~*~ (stealth).
 20234 | Orc:1    | 20234 ||| Stepping ~*~*~tactically~*~*~ (hiding).
 20239 | Orc:1    | 20239 ||| Stepping ~*~*~tactically~*~*~ (hiding).
 20242 | Orc:1    | 20242 ||| Stepping ~*~*~tactically~*~*~ (hiding).
 20243 | Orc:1    | 20243 ||| Stepping ~*~*~tactically~*~*~ (hiding).
 20244 | Orc:1    | 20244 ||| Stepping ~*~*~tactically~*~*~ (hiding).
 20245 | Orc:1    | 20245 ||| Stepping ~*~*~tactically~*~*~ (hiding).
 20246 | Orc:1    | 20246 ||| INVOKING Heroism.
 20388 | Orc:2    | Entered Level 2 of the Orcish Mines
 20389 | Orc:2    | 20389 ||| STAIRDANCE
 20494 | Orc:2    | 20494 ||| INVOKING Heroism.
 20514 | Orc:2    | Received a gift from Okawaru
 20524 | Orc:2    | Paralysed by an orc sorcerer for 2 turns
 20536 | Orc:2    | 20536 ||| STAIRDANCE
 20565 | Orc:2    | 20565 ||| STAIRDANCE
 20619 | Orc:2    | 20619 ||| STAIRDANCE
 20621 | Orc:1    | 20621 ||| INVOKING Heroism.
 20670 | Orc:2    | 20670 ||| STAIRDANCE
 20672 | Orc:1    | 20672 ||| INVOKING Heroism.
 20715 | Orc:2    | 20715 ||| INVOKING Heroism.
 20748 | Orc:2    | 20748 ||| Stepping ~*~*~tactically~*~*~ (hiding).
 20767 | Orc:2    | 20767 ||| Stepping ~*~*~tactically~*~*~ (stealth).
 20769 | Orc:2    | 20769 ||| Stepping ~*~*~tactically~*~*~ (hiding).
 20772 | Orc:2    | 20772 ||| Stepping ~*~*~tactically~*~*~ (hiding).
 20773 | Orc:2    | 20773 ||| Stepping ~*~*~tactically~*~*~ (hiding).
 20791 | Orc:2    | 20791 ||| Stepping ~*~*~tactically~*~*~ (hiding).
 20812 | Orc:2    | 20812 ||| Stepping ~*~*~tactically~*~*~ (hiding).
 20821 | Orc:2    | 20821 ||| Stepping ~*~*~tactically~*~*~ (hiding).
 20846 | Orc:2    | 20846 ||| Stepping ~*~*~tactically~*~*~ (hiding).
 20887 | Orc:2    | Found Lazeraly's Book Boutique.
 20890 | Orc:2    | 20890 ||| INVOKING Heroism.
 20893 | Orc:2    | Paralysed by an orc sorcerer for 3 turns
 20987 | Orc:2    | Found Tusuk's General Store.
 20996 | Orc:2    | 20996 ||| BUYING amulet "Faps" {Regen+ rCorr} (639 gold).
 20996 | Orc:2    | Bought the amulet "Faps" {Regen+ rCorr} for 639 gold pieces
 20996 | Orc:2    | 20996 ||| BUYING scroll of brand weapon (142 gold).
 20996 | Orc:2    | Bought a scroll of brand weapon for 142 gold pieces
 21163 | Orc:2    | Found Iviuttisa's Antique Weapon Boutique.
 21176 | Orc:2    | Found a staircase to the Elven Halls.
 21331 | Orc:2    | Found Ivafiore's Antique Armour Emporium.
 21383 | Orc:2    | 21383 ||| PLANNING SPIDER:1-3
 21574 | Spider:1 | Entered Level 1 of the Spider Nest
 21578 | Spider:1 | 21578 ||| Stepping ~*~*~tactically~*~*~ (stealth).
 21579 | Spider:1 | 21579 ||| Stepping ~*~*~tactically~*~*~ (stealth).
 21609 | Spider:1 | 21609 ||| READING scroll of enchant armour.
 21609 | Spider:1 | 21609 ||| ENCHANTING +1 helmet.
 21612 | Spider:1 | 21612 ||| Stepping ~*~*~tactically~*~*~ (stealth).
 21620 | Spider:1 | Identified the +6 hand axe "Gamekex" {flame, Int+5}
                  | (Okawaru gifted it to you on level 1 of the Spider Nest)
 21620 | Spider:1 | Received a gift from Okawaru
 21715 | Spider:1 | 21715 ||| FLEEEEING.
 21716 | Spider:1 | 21716 ||| FLEEEEING.
 21717 | Spider:1 | 21717 ||| FLEEEEING.
 21718 | Spider:1 | 21718 ||| STAIRDANCE
 21808 | Spider:1 | 21808 ||| INVOKING Heroism.
 21984 | Spider:1 | 21984 ||| INVOKING Finesse.
 22041 | Spider:1 | 22041 ||| Stepping ~*~*~tactically~*~*~ (stealth).
 22045 | Spider:1 | 22045 ||| Stepping ~*~*~tactically~*~*~ (stealth).
 22061 | Spider:1 | 22061 ||| Stepping ~*~*~tactically~*~*~ (stealth).
 22069 | Spider:1 | 22069 ||| Stepping ~*~*~tactically~*~*~ (hiding).
 22094 | Spider:1 | 22094 ||| Stepping ~*~*~tactically~*~*~ (stealth).
 22146 | Spider:1 | 22146 ||| Stepping ~*~*~tactically~*~*~ (stealth).
 22148 | Spider:1 | 22148 ||| Stepping ~*~*~tactically~*~*~ (stealth).
 22214 | Spider:1 | 22214 ||| INVOKING Heroism.
 22273 | Spider:1 | 22273 ||| DRINKING 14 potions of curing.
 22273 | Spider:1 | 22273 ||| (to cure confusion)
 22275 | Spider:1 | 22275 ||| INVOKING Heroism.
 22319 | Spider:1 | 22319 ||| Stepping ~*~*~tactically~*~*~ (hiding).
 22389 | Spider:1 | 22389 ||| Stepping ~*~*~tactically~*~*~ (stealth).
 22391 | Spider:1 | 22391 ||| Stepping ~*~*~tactically~*~*~ (hiding).
 22422 | Spider:1 | 22422 ||| Stepping ~*~*~tactically~*~*~ (stealth).
 22427 | Spider:1 | Received a gift from Okawaru
 22688 | Spider:2 | 22688 ||| INVOKING Heroism.
 22706 | Spider:2 | 22706 ||| STAIRDANCE
 22777 | Spider:2 | 22777 ||| STAIRDANCE
 22779 | Spider:1 | 22779 ||| INVOKING Heroism.
 22896 | Spider:2 | 22896 ||| INVOKING Heroism.
 22930 | Spider:2 | 22930 ||| INVOKING Heroism.
 22947 | Spider:2 | 22947 ||| PLANNING SPIDER:1-3
 22947 | Spider:2 | 22947 ||| PLANNING SPIDER:1-3
 22947 | Spider:2 | 22947 ||| PLANNING SPIDER:1-3
 22947 | Spider:2 | 22947 ||| PLANNING SPIDER:1-3
 22947 | Spider:2 | 22947 ||| PLANNING SPIDER:1-3
 22947 | Spider:2 | 22947 ||| PLANNING SPIDER:1-3
 22947 | Spider:2 | 22947 ||| Unexcluded map at 0,0 (trap_web)
 22947 | Spider:2 | 22947 |||
 22947 | Spider:2 | 22947 |||
 22947 | Spider:2 | 22947 |||
 22947 | Spider:2 | 22947 |||
 22947 | Spider:2 | 22947 |||
 22947 | Spider:2 | 22947 |||
 22947 | Spider:2 | 22947 |||
 22947 | Spider:2 | 22947 |||
 22947 | Spider:2 | 22947 |||
 22947 | Spider:2 | 22947 |||
 22947 | Spider:2 | 22947 |||
 22947 | Spider:2 | 22947 |||
 22947 | Spider:2 | 22947 |||
 22947 | Spider:2 | 22947 |||
 22947 | Spider:2 | 22947 ||| . . .
 22947 | Spider:2 | 22947 ||| . . . ..
 22947 | Spider:2 | 22947 ||| .. ... ...... . ...
 22947 | Spider:2 | 22947 ||| . . .. ... ... ..
 22947 | Spider:2 | 22947 ||| ..... .. . . . ... ..
 22947 | Spider:2 | 22947 ||| .......... . ...
 22947 | Spider:2 | 22947 ||| ✞ .... .... ...
 22947 | Spider:2 | 22947 ||| .. ... ...
 22947 | Spider:2 | 22947 ||| .... ..... .. . .
 22947 | Spider:2 | 22947 ||| . . .. . . ..... ...
 22947 | Spider:2 | 22947 ||| .... . . .. .... ..
 22947 | Spider:2 | 22947 ||| . . ... . .... ..
 22947 | Spider:2 | 22947 ||| . .. . .... .....
 22947 | Spider:2 | 22947 ||| .... .. . . ... .
 22947 | Spider:2 | 22947 ||| ... . ...... . ...
 22947 | Spider:2 | 22947 ||| ..... .. ......
 22947 | Spider:2 | 22947 ||| . . .. .. .. .
 22947 | Spider:2 | 22947 ||| . .. .....
 22947 | Spider:2 | 22947 ||| ....... . ....
 22947 | Spider:2 | 22947 ||| ... . .. ...
 22947 | Spider:2 | 22947 ||| ... ..... .. ...
 22947 | Spider:2 | 22947 ||| . . . .. . . ..
 22947 | Spider:2 | 22947 ||| .. .. ... .
 22947 | Spider:2 | 22947 ||| . . ......
 22947 | Spider:2 | 22947 ||| .. . .
 22947 | Spider:2 | 22947 ||| .. .
 22947 | Spider:2 | 22947 ||| .. ..
 22947 | Spider:2 | 22947 ||| Traversal map at 0,0 (trap_web)
 22947 | Spider:2 | 22947 |||
 22947 | Spider:2 | 22947 |||
 22947 | Spider:2 | 22947 |||
 22947 | Spider:2 | 22947 |||
 22947 | Spider:2 | 22947 |||
 22947 | Spider:2 | 22947 |||
 22947 | Spider:2 | 22947 |||
 22947 | Spider:2 | 22947 |||
 22947 | Spider:2 | 22947 |||
 22947 | Spider:2 | 22947 |||
 22947 | Spider:2 | 22947 |||
 22947 | Spider:2 | 22947 |||
 22947 | Spider:2 | 22947 |||
 22947 | Spider:2 | 22947 |||
 22947 | Spider:2 | 22947 ||| . ## .# #.
 22947 | Spider:2 | 22947 ||| #. ##.## #.##..
 22947 | Spider:2 | 22947 ||| .. ... ......#.#...
 22947 | Spider:2 | 22947 ||| .##. ..##...#...#..#
 22947 | Spider:2 | 22947 ||| .....#..#.#.#.#...# ..
 22947 | Spider:2 | 22947 ||| #..........###.#...#
 22947 | Spider:2 | 22947 ||| #7#....#....#...
 22947 | Spider:2 | 22947 ||| #..###...##...#
 22947 | Spider:2 | 22947 ||| #....#.....#..###.# #.
 22947 | Spider:2 | 22947 ||| #.###.#..#.#.#.....#...
 22947 | Spider:2 | 22947 ||| ....#.#.#..#....#..
 22947 | Spider:2 | 22947 ||| ##.#.#...#.#....#..#
 22947 | Spider:2 | 22947 ||| ##.##..#.#....#.....
 22947 | Spider:2 | 22947 ||| ....#..#.##.#...###.
 22947 | Spider:2 | 22947 ||| #...#.#......#.#...
 22947 | Spider:2 | 22947 ||| ###.....##..#......
 22947 | Spider:2 | 22947 ||| #.#.#..#..#..#.
 22947 | Spider:2 | 22947 ||| . #..#.....####
 22947 | Spider:2 | 22947 ||| .......#.#....#
 22947 | Spider:2 | 22947 ||| #...##.#..#...#
 22947 | Spider:2 | 22947 ||| ...#.....#..#...
 22947 | Spider:2 | 22947 ||| . #.#.#..#.#.#..
 22947 | Spider:2 | 22947 ||| ..##..#...##.
 22947 | Spider:2 | 22947 ||| .#. ......#
 22947 | Spider:2 | 22947 ||| #..##.#.
 22947 | Spider:2 | 22947 ||| #.. ##.#
 22947 | Spider:2 | 22947 ||| #.. ..
 22947 | Spider:2 | 22947 ||| PLANNING SPIDER:1-3
 22956 | Spider:2 | 22956 ||| INVOKING Heroism.
 23020 | Spider:2 | 23020 ||| PLANNING SPIDER:1-3
 23024 | Spider:2 | Received a gift from Okawaru
 23048 | Spider:2 | 23048 ||| FLEEEEING.
 23049 | Spider:2 | 23049 ||| FLEEEEING.
 23051 | Spider:2 | 23051 ||| FLEEEEING.
 23052 | Spider:2 | 23052 ||| FLEEEEING.
 23053 | Spider:2 | 23053 ||| FLEEEEING.
 23054 | Spider:2 | 23054 ||| FLEEEEING.
 23055 | Spider:2 | 23055 ||| FLEEEEING.
 23106 | Spider:2 | 23106 ||| Stepping ~*~*~tactically~*~*~ (stealth).
 23107 | Spider:2 | 23107 ||| Stepping ~*~*~tactically~*~*~ (stealth).
 23108 | Spider:2 | 23108 ||| Stepping ~*~*~tactically~*~*~ (stealth).
 23127 | Spider:2 | 23127 ||| Stepping ~*~*~tactically~*~*~ (hiding).
 23129 | Spider:2 | 23129 ||| Stepping ~*~*~tactically~*~*~ (stealth).
 23216 | Spider:2 | 23216 ||| Stepping ~*~*~tactically~*~*~ (stealth).
 23217 | Spider:2 | 23217 ||| Stepping ~*~*~tactically~*~*~ (stealth).
 23233 | Spider:2 | Reached XP level 17. HP: 111/111 MP: 24/24
 23436 | Spider:2 | 23436 ||| DROPPING amulet of regeneration.
 23449 | Spider:3 | 23449 ||| STAIRDANCE
 23488 | Spider:3 | 23488 ||| STAIRDANCE
 23534 | Spider:3 | 23534 ||| Stepping ~*~*~tactically~*~*~ (stealth).
 23540 | Spider:3 | 23540 ||| Stepping ~*~*~tactically~*~*~ (stealth).
 23542 | Spider:3 | 23542 ||| Stepping ~*~*~tactically~*~*~ (hiding).
 23543 | Spider:3 | 23543 ||| INVOKING Heroism.
 23557 | Spider:3 | 23557 ||| INVOKING Heroism.
 23729 | Spider:3 | 23729 ||| Stepping ~*~*~tactically~*~*~ (stealth).
 23756 | Spider:3 | 23756 ||| Stepping ~*~*~tactically~*~*~ (stealth).
 23757 | Spider:3 | 23757 ||| Stepping ~*~*~tactically~*~*~ (stealth).
 23803 | Spider:3 | 23803 ||| Stepping ~*~*~tactically~*~*~ (stealth).
 23805 | Spider:3 | 23805 ||| Stepping ~*~*~tactically~*~*~ (stealth).
 23806 | Spider:3 | 23806 ||| Stepping ~*~*~tactically~*~*~ (stealth).
 23927 | Spider:3 | 23927 ||| INVOKING Heroism.
 23973 | Spider:3 | 23973 ||| INVOKING Heroism.
 24225 | Spider:3 | 24225 ||| Stepping ~*~*~tactically~*~*~ (stealth).
 24229 | Spider:3 | 24229 ||| Stepping ~*~*~tactically~*~*~ (stealth).
 24253 | Spider:3 | Noticed Arachne
 24254 | Spider:3 | 24254 ||| Stepping ~*~*~tactically~*~*~ (hiding).
 24255 | Spider:3 | 24255 ||| Stepping ~*~*~tactically~*~*~ (hiding).
 24258 | Spider:3 | 24258 ||| INVOKING Finesse.
 24303 | Spider:3 | Killed Arachne
 24314 | Spider:3 | 24314 ||| Stepping ~*~*~tactically~*~*~ (hiding).
 24352 | Spider:3 | 24352 ||| INVOKING Heroism.
 24354 | Spider:3 | 24354 ||| Stepping ~*~*~tactically~*~*~ (hiding).
 24581 | Spider:3 | 24581 ||| Stepping ~*~*~tactically~*~*~ (hiding).
 24582 | Spider:3 | 24582 ||| Stepping ~*~*~tactically~*~*~ (hiding).
 24627 | Spider:3 | 24627 ||| Stepping ~*~*~tactically~*~*~ (stealth).
 24637 | Spider:3 | 24637 ||| INVOKING Heroism.
 24800 | Spider:3 | 24800 ||| Stepping ~*~*~tactically~*~*~ (stealth).
 24803 | Spider:3 | 24803 ||| Stepping ~*~*~tactically~*~*~ (stealth).
 24896 | Spider:3 | Reached skill level 15 in Fighting
 24983 | Spider:3 | 24983 ||| INVOKING Heroism.
 25147 | Spider:3 | 25147 ||| INVOKING Heroism.
 25233 | Spider:3 | 25233 ||| Stepping ~*~*~tactically~*~*~ (stealth).
 25264 | Spider:3 | 25264 ||| Stepping ~*~*~tactically~*~*~ (hiding).
 25376 | Spider:3 | 25376 ||| PLANNING SWAMP:1-3
 25427 | Swamp:1  | Entered Level 1 of the Swamp
 25428 | Swamp:1  | 25428 ||| INVOKING Heroism.
 25433 | Swamp:1  | 25433 ||| SWAPPING to +1 broad axe of flaming.
 25438 | Swamp:1  | Received a gift from Okawaru
 25439 | Swamp:1  | 25439 ||| SWAPPING to +2 vampiric war axe.
 25522 | Swamp:1  | Noticed Jacimip's ghost (journeyman HaHu)
 25524 | Swamp:1  | Found a transporter.
 25529 | Swamp:1  | Found a transporter.
 25530 | Swamp:1  | Found a bloodstained altar of Trog.
 25617 | Swamp:1  | Identified a scroll of acquirement
 25623 | Swamp:1  | Found a frozen archway.
 25638 | Swamp:1  | 25638 ||| Stepping ~*~*~tactically~*~*~ (hiding).
 25775 | Swamp:1  | 25775 ||| INVOKING Heroism.
 25777 | Swamp:1  | 25777 ||| SWAPPING to +1 broad axe of flaming.
 25781 | Swamp:1  | 25781 ||| SWAPPING to +2 vampiric war axe.
 25847 | Swamp:1  | 25847 ||| READING scroll of acquirement.
 25847 | Swamp:1  | 25847 ||| ACQUIRING ring of protection from cold
 25847 | Swamp:1  | Acquired a ring of protection from cold
 25910 | Swamp:2  | 25910 ||| Stepping ~*~*~tactically~*~*~ (hiding).
 26030 | Swamp:2  | 26030 ||| INVOKING Heroism.
 26160 | Swamp:2  | 26160 ||| Stepping ~*~*~tactically~*~*~ (hiding).
 26176 | Swamp:2  | Noticed Jorgrun
 26188 | Swamp:2  | 26188 ||| INVOKING Heroism.
 26211 | Swamp:2  | Killed Jorgrun
 26251 | Swamp:2  | 26251 ||| Stepping ~*~*~tactically~*~*~ (hiding).
 26287 | Swamp:2  | 26287 ||| INVOKING Heroism.
 26313 | Swamp:2  | Found a snail-covered altar of Cheibriados.
 26652 | Swamp:3  | 26652 ||| INVOKING Heroism.
 26657 | Swamp:3  | 26657 ||| SWAPPING to +1 broad axe of flaming.
 26663 | Swamp:3  | 26663 ||| SWAPPING to +2 vampiric war axe.
 26694 | Swamp:3  | Reached skill level 15 in Armour
 26770 | Swamp:3  | 26770 ||| INVOKING Heroism.
 26800 | Swamp:3  | Noticed Mara
 26801 | Swamp:3  | 26801 ||| INVOKING Finesse.
 26805 | Swamp:3  | Noticed qw's illusion
 26812 | Swamp:3  | HP: 28/113 [Mara (illusionary)/bolt of fire (53)]
 26813 | Swamp:3  | 26813 ||| READING 3 scrolls of teleportation.
 26814 | Swamp:3  | 26814 ||| DRINKING 4 potions of heal wounds.
 26817 | Swamp:3  | HP: 7/113 [Mara (illusionary)/bolt of fire (28)]
 26817 | Swamp:3  | Killed from afar by Mara (illusionary)

Levels and vault maps discovered:
D:1:      dpeg_arrival_caged_fury, layout_loops_ring, reono_crystal_passage
D:2:      layout_loops_corners, minmay_small_reverse_x
D:3:      layout_loops_ring, gammafunk_ghost_smash, nicolae_grassy_gnolls
D:4:      layout_loops_corners, mainiacjoe_overflow_boulevard, vehumet_statue,
          temple_green, serial_shops, nicolae_lakefront_shop
D:5:      layout_cave_pools, gammafunk_temple_overflow_wave,
          gup_ossuary_entry_pyramid, nicolae_figureground_pulse
D:6:      layout_basic, uniq_maggie
D:7:      layout_cave_pools, nicolae_wu_jian_wuxing_cycle
D:8:      layout_cave_pools
D:9:      layout_irregular_city, orc_0_dummy, minmay_misc_feat_x,
          supply_closet_lemuel
D:10:     layout_roguey, mainiacjoe_overflow_tiny_flanked, special_room
          [special_room_orc]
D:11:     layout_roguey, lair_entry_dummy, gammafunk_ghost_abyssal_escape,
          serial_shops, nicolae_shop_just_a_little_nook,
          nicolae_inconvenience_store, shop, shop_statue,
          nicolae_shop_just_a_little_nook, slow_altar_1
D:12:     layout_rooms, hellmonk_ghost_big_iron, serial_glass, glass_columns_c,
          glass_columns_a, minmay_strange_pillars, feat_on_display,
          due_unseen_surprise, item_on_display_a
D:13:     layout_gridville
D:14:     layout_irregular_city, ximxim_vaults_locker_room, serial_shops,
          nicolae_shop_rolling_square, eino_house_with_fridge, uniq_azrael,
          uniq_roxanne
D:15:     grunt_enter_depths_snipers, layout_basic, minmay_misc_feat_roman
Temple:   kb_temple_of_zot
Lair:1:   layout_cave_pods
Lair:2:   layout_cave_pods, minmay_swamp_entry_swarm,
          spider_nest_entry_web_field, st_stairs_9, pdpol_lair_cavern_descent
Lair:3:   layout_cave_pods, special_room [special_room_mythical_zoo]
Lair:4:   layout_misc_corridors, slime_entry_1, beast_lair_carwin_3,
          grunt_megastairs_5
Lair:5:   minmay_lair_end_frog_pond, layout_cave_pods, minmay_lair_oklob_items,
          uniq_josephine
Swamp:1:  layout_falls_marsh, gammafunk_ghost_wrathful_warriors,
          portal_ice_cave_entry_pillars_three, evilmike_swamp_ruin_house_4,
          swamp_pool2, roderic_carrion_pond
Swamp:2:  layout_falls_marsh, nicolae_swamp_godswood, swamp_pool5, uniq_jorgrun
Swamp:3:  layout_basic_swamp, nicolae_swamp_very_dense_foliage, swamp_pool3,
          uniq_mara
Spider:1: nicolae_spider_jumping_over_cracks [nicolae_spider_jumping_sub_plain,
          nicolae_spider_jumping_sub_stairs, nicolae_spider_jumping_sub_lanes,
          nicolae_spider_jumping_sub_rim]
Spider:2: layout_spider_delve, nicolae_spider_webbed_stairs
Spider:3: layout_spider_delve, nicolae_crawler_farm, uniq_arachne
Orc:1:    layout_caves, basic_altar
Orc:2:    grunt_orc_gardens, layout_diamond_mine, grunt_orc_garden,
          grunt_orc_garden, grunt_orc_garden, grunt_orc_garden, enter_volcano_2,
          elves_outpost_lemuel

Skill      XL: |  1  2  3  4  5  6  7  8  9 10 11 12 13 14 15 16 17 |
---------------+----------------------------------------------------+-----
Axes           | 2 3 4 5 6 8 10 11 12 14 15 16 | 16.1
Fighting       | 4 6 7 8 9 10 11 12 13 14 15 | 15.0
Dodging        | 1 3 4 |  4.0
Invocations    | 3 4 8 10 | 10.0
Throwing       | 1 2 3 6 8 |  8.0
Armour         | 4 11 12 13 15 | 15.0
Shields        | 4 5 6 7 12 14 | 14.7

Action                     |  1- 3 |  4- 6 |  7- 9 | 10-12 | 13-15 | 16-18 || total
---------------------------+-------+-------+-------+-------+-------+-------++-------
  Melee: War axe           |    66 |   137 |   348 |       |   404 |  1064 ||  2019
         Broad axe         |       |       |    29 |   365 |   541 |    13 ||   948
  Throw: Boomerang         |    30 |    44 |    50 |   103 |   101 |    27 ||   355
         Javelin           |       |       |       |       |    84 |   111 ||   195
 Invoke: Heroism           |       |       |    10 |    18 |    24 |    30 ||    82
         Finesse           |       |       |       |       |     6 |     3 ||     9
    Use: Scroll            |     1 |     4 |     7 |    10 |     6 |     3 ||    31
         Potion            |       |     3 |     1 |     1 |     4 |     3 ||    12
   Stab: Confused          |       |       |       |       |       |     1 ||     1
 Armour: Scale mail        |    22 |    48 |       |       |       |       ||    70
         Chain mail        |       |    29 |   247 |    50 |       |       ||   326
         Plate armour      |       |       |       |   234 |   628 |   754 ||  1616
  Dodge: Dodged            |    31 |    53 |   157 |   135 |   308 |   382 ||  1066
  Block: Buckler           |    13 |    24 |    79 |    78 |   166 |       ||   360
         Kite shield       |       |       |       |       |   187 |   912 ||  1099

Table legend:
 A = Non-vault XP
 B = Vault XP
 C = Vault XP percentage of total XP
 D = Non-vault monster count
 E = Vault monster count
 F = Vault count percentage of total count
                 A         B        C        D         E       F
            +---------+---------+-------+---------+---------+-------
      Total |  152940 |   60891 |  28.5 |     600 |     253 |  29.7
            +---------+---------+-------+---------+---------+-------
        D:1 |      18 |       0 |   0.0 |      11 |       0 |   0.0
        D:2 |      75 |      19 |  20.2 |      22 |       4 |  15.4
        D:3 |      80 |      57 |  41.6 |      17 |       4 |  19.0
        D:4 |     171 |      32 |  15.8 |      19 |       1 |   5.0
        D:5 |     961 |      18 |   1.8 |      28 |       1 |   3.4
        D:6 |    1142 |     415 |  26.7 |      15 |       1 |   6.2
        D:7 |     806 |       0 |   0.0 |      19 |       0 |   0.0
        D:8 |     941 |       0 |   0.0 |      20 |       0 |   0.0
        D:9 |    2411 |       0 |   0.0 |      12 |       0 |   0.0
       D:10 |     775 |     894 |  53.6 |      12 |      24 |  66.7
       D:11 |    2174 |      39 |   1.8 |       7 |       1 |  12.5
       D:12 |    3459 |       0 |   0.0 |      13 |       0 |   0.0
       D:13 |   17335 |     196 |   1.1 |      36 |       1 |   2.7
       D:14 |    4215 |    8947 |  68.0 |      12 |      28 |  70.0
       D:15 |   12199 |    2768 |  18.5 |      20 |       3 |  13.0
     Lair:1 |    3432 |       0 |   0.0 |      17 |       0 |   0.0
     Lair:2 |    2916 |    2986 |  50.6 |      11 |      16 |  59.3
     Lair:3 |   11730 |    4230 |  26.5 |      33 |      18 |  35.3
     Lair:4 |   14194 |    2652 |  15.7 |      43 |       7 |  14.0
     Lair:5 |    6291 |   12674 |  66.8 |      23 |      41 |  64.1
    Swamp:1 |    5573 |     765 |  12.1 |      12 |       3 |  20.0
    Swamp:2 |   10359 |    1844 |  15.1 |      19 |       1 |   5.0
    Swamp:3 |    3536 |       0 |   0.0 |       7 |       0 |   0.0
   Spider:1 |   18161 |    3633 |  16.7 |      52 |      16 |  23.5
   Spider:2 |   14078 |       0 |   0.0 |      40 |       0 |   0.0
   Spider:3 |   11483 |    4891 |  29.9 |      28 |       8 |  22.2
      Orc:1 |    3115 |    2502 |  44.5 |      35 |       5 |  12.5
      Orc:2 |    1310 |   10935 |  89.3 |      17 |      31 |  64.6
    Ossuary |       0 |     394 | 100.0 |       0 |      39 | 100.0
            +---------+---------+-------+---------+---------+-------
